 Seeded DCSS version 0.30-a0-1043-g60ff8d5f49 (webtiles) character file.

Game seed: 10352460324943366261 (custom seed)

7112 GigaChad the Cleaver (level 11, -10/86 HPs)
             Began as a Formicid Fighter on Apr 6, 2023.
             Was a High Priest of Okawaru.
             Mangled by Snorg (12 damage)
             ... on level 9 of the Dungeon on Apr 11, 2023.
             The game lasted 00:18:30 (9840 turns).

GigaChad the Cleaver (Formicid Fighter)             Turns: 9840, Time: 00:18:31

Health: -10/86     AC: 19    Str: 31    XL:     11   Next: 31%
Magic:  11/11      EV: 12    Int:  8    God:    Okawaru [*****.]
Gold:   736        SH: 12    Dex: 17    Spells: 10/10 levels left

rFire   . . .      SeeInvis +    s - +2 battleaxe (drain)
rCold   . . .      Faith    +    T - +0 kite shield {rN+}
rNeg    + . .      Spirit   .    U - +0 plate armour
rPois   .          Reflect  .    (helmet unavailable)
rElec   .          Rampage  +    q - +0 cloak
rCorr   +          NoCast   +    C - +1 pair of gloves of Zealous Curiosity {-Cast Rampage rCorr Slay+6}
Will    +....                    S - +1 pair of boots {Fly} Stlth
                                 N - amulet of faith
HPRegen 0.34/turn                f - +6 ring of strength
MPRegen 0.12/turn                K - ring "Kaeggote" {EV+5 Dex+4}

@: flying
A: permanent stasis, dig shafts and tunnels, antennae 3, four strong arms
a: Dig, Shaft Self, Renounce Religion, Heroism, Finesse, Duel


You were on level 9 of the Dungeon.
You worshipped Okawaru.
Okawaru was extremely pleased with you.
You visited 2 branches of the dungeon, and saw 11 of its levels.
You also visited: Bailey.

You collected 736 gold pieces.

Inventory:

Hand Weapons
 a - a +1 war axe
 p - a +4 quarterstaff of chaos
 s - a +2 battleaxe of draining (weapon)
 P - a +4 great sword of freezing
 Q - the +5 long sword of the Enchanted Forest {freeze, rPois rF- Dex+7}
   (You found it on level 8 of the Dungeon)

   Dex:       It affects your dexterity (+7).
   rF:        It makes you vulnerable to fire.
   rPois:     It protects you from poison.
Missiles
 z - 2 throwing nets
Armour
 b - a +0 scale mail
 c - a +0 buckler
 k - a +0 kite shield
 q - a +0 cloak (worn)
 y - a +0 chain mail
 C - the +1 pair of gloves of Zealous Curiosity (worn) {-Cast Rampage rCorr Slay+6}
   (You acquired it on level 6 of the Dungeon)

   Slay:      It affects your accuracy & damage with ranged weapons and melee
   (+6).
   -Cast:     It prevents spellcasting.
   rCorr:     It protects you from acid and corrosion.
   Rampage:   It bestows one free step when moving towards enemies.
 S - a +1 pair of boots of flying (worn)
 T - a +0 kite shield of positive energy (worn)
 U - a +0 plate armour (worn)
Jewellery
 f - a +6 ring of strength (left hand)
 m - a ring of magical power
 x - a ring of magical power
 B - a ring of positive energy
 K - the ring "Kaeggote" (right hand) {EV+5 Dex+4}
   (You acquired it on level 6 of the Dungeon)

   [ring of evasion]

   EV:        It affects your evasion (+5).
   Dex:       It affects your dexterity (+4).
 L - a ring of flight
 N - an amulet of faith (around neck)
Wands
 e - a wand of flame (26)
 F - a wand of paralysis (15)
 G - a wand of mindburst (21)
 M - a wand of digging (8)
Scrolls
 g - a scroll of butterflies
 i - 11 scrolls of identify
 v - a scroll of silence
 w - 5 scrolls of blinking
 A - 3 scrolls of teleportation {unknown}
 D - 2 scrolls of poison {unknown}
 E - a scroll of noise {unknown}
 H - 2 scrolls of immolation {unknown}
 I - 3 scrolls of amnesia {unknown}
 O - a scroll of fear
 R - 2 scrolls of fog
Potions
 d - 2 potions of might
 h - 2 potions of degeneration {unknown}
 j - 3 potions of curing {unknown}
 l - 3 potions of flight
 n - a potion of brilliance {unknown}
 o - 7 potions of lignification
 r - 2 potions of ambrosia {unknown}
 t - a potion of attraction {unknown}
 u - a potion of magic {unknown}
 J - 2 potions of heal wounds {unknown}


   Skills:
 + Level 8.2 Fighting
 + Level 12.2 Axes
 + Level 8.3 Armour
 + Level 9.2 Shields


You had 10 spell levels left.
You didn't know any spells.
Your spell library contained the following spells:

 Spells                   Type           Power      Damage    Failure   Level
 Apportation              Tloc           0%         N/A       99%         1
 Kiss of Death            Conj/Necr      0%         2d5       99%         1
 Magic Dart               Conj           0%         1d3       99%         1
 Necrotise                Necr           0%         1d4       99%         1
 Slow                     Hex            0%         N/A       99%         1
 Cigotuvi's Dreadful Rot  Necr/Pois/Air  0%         N/A       100%        2
 Searing Ray              Conj           0%         2d4       100%        2
 Confusing Touch          Hex            0%         N/A       100%        3
 Hailstorm                Conj/Ice       0%         3d3       100%        3
 Ignite Poison            Fire/Tmut/Pois 0%         N/A       100%        3
 Portal Projectile        Hex/Tloc       0%         N/A       100%        3
 Vampiric Draining        Necr           0%         2d6       100%        3
 Dispel Undead            Necr           0%         3d6       100%        4
 Fulminant Prism          Conj/Hex       0%         3d5       100%        4
 Ice Form                 Ice/Tmut       0%         N/A       100%        4
 Leda's Liquefaction      Hex/Erth       0%         N/A       100%        4
 Manifold Assault         Tloc           0%         N/A       100%        4
 Freezing Cloud           Conj/Ice/Air   0%         6-21      100%        5
 Storm Form               Tmut/Air       0%         N/A       100%        7
 Summon Small Mammal      Summ           Unusable   N/A       N/A         1
 Blink                    Tloc           Unusable   N/A       N/A         2
 Call Canine Familiar     Summ           Unusable   N/A       N/A         3
 Simulacrum               Ice/Necr       Unusable   N/A       N/A         6

Dungeon Overview and Level Annotations

Branches:
Dungeon (10/15)            Temple (1/1) D:5            Lair (0/5) D:8
    Orc (0/2) D:9          Bailey (visited)

Altars:
Ashenzari
Cheibriados
Dithmenos
Elyvilon
Fedhas
Gozag
Hepliaklqana
Kikubaaqudgha
Makhleb
Nemelex Xobeh
Okawaru
Qazlal
Ru
Sif Muna
Trog
Uskayaw
Vehumet
Wu Jian
Xom
Yredelemnul
Zin
The Shining One

Shops:
D:1 [   D:7 [

Annotations:
D:8 1 transporter
D:9 Snorg


Innate Abilities, Weirdness & Mutations

You cannot be hasted, slowed, berserked, paralysed or teleported.
You can dig through walls and to a lower floor.
You have a pair of large antennae on your head. (SInv)
Your four strong arms can wield two-handed weapons with a shield.


Message History

Unknown command.
You are too injured to fight recklessly!
Unknown command.
Unknown command.
You block Snorg's attack. x3; The yak gores you but does no damage.
The two-headed ogre hits you with a +0 giant club.
The two-headed ogre completely misses you.
The orc closely misses you. The yak gores you.
You fly upwards.
There is a stone staircase leading down here.
You are too injured to fight recklessly!
Unknown command.
You are too injured to fight recklessly!
Unknown command.
Unknown command.
You are too injured to fight recklessly!
You barely miss the yak.
The yak is almost dead.
You hit the yak. You slash Snorg!
You completely miss the two-headed ogre.
Snorg bites you. Snorg claws you but does no damage. Snorg barely misses you.
The yak barely misses you. You block the yak's attack. Snorg bites you.
You block Snorg's attack. Snorg claws you but does no damage.
You block the two-headed ogre's attack. x2
You slice the yak!!
You kill the yak!
Okawaru accepts your kill.
You completely miss the yak. You slash Snorg! You slice the two-headed ogre!!
You block Snorg's attack. Snorg completely misses you. Snorg claws you.
* * * LOW HITPOINT WARNING * * *
The yak gores you!
* * * LOW HITPOINT WARNING * * *
Snorg closely misses you. Snorg claws you but does no damage.
You block Snorg's attack.
The two-headed ogre attacks as you move away!
The two-headed ogre barely misses you.
The two-headed ogre hits you with a +0 giant club!
* * * LOW HITPOINT WARNING * * *
The yak gores you but does no damage. Snorg barely misses you. Snorg claws you!
You die...

#..))# #........#
####)#######........#######
##.##.#.#..................#
#..#.#).#..................#
#..#.#)##.#######..........#
##...####.# #..........#
##.#.####.# #..........#
##.##..##.#######..........#
.....#.##.....O>@..........#
#)#.##.##......YT..........#
..##.#..#..................#
##.#..###..........#########
.......##..........#
.###.####..........# ...#.#
#..........#
##..#####..........#
...#.#.##..........#


You could see Snorg (berserk), a two-headed ogre and a yak (drained).

Vanquished Creatures
  The ghost of DeathPants the Stinger, a novice NaVM (D:6)
  A hornet (D:8)
  A shadow (D:9)
  A wraith (D:9)
  2 wyverns
  5 yaks
  A black bear (D:4)
  An ice beast (D:7)
  2 sky beasts (D:7)
  9 orc warriors
  3 ogres
  5 centaurs
  2 phantoms (D:9)
  Blork the orc (D:4)
  5 bullfrogs
  2 kobold brigands (D:9)
  A gnoll sergeant (D:7)
  2 scorpions (D:6)
  18 wights
  2 troll zombies (D:9)
  7 killer bees
  A howler monkey (D:4)
  A quasit (D:5)
  2 jellies
  Crazy Yiuf (D:2)
  6 orc priests
  A hound (D:3)
  Jessica (D:2)
  2 sleepcaps
  6 iguanas
  10 orc wizards
  4 ogre zombies (D:9)
  8 gnolls
  9 adders
  A shadow imp (D:8)
  A white imp (D:5)
  An ufetubus (D:7)
  3 worms
  2 dart slugs
  25 orcs
  10 ball pythons
  11 endoplasms
  4 giant cockroaches
  5 hobgoblins
  9 jackals
  24 kobolds
  4 quokkas
  5 bats
  3 frilled lizards (D:1)
  10 goblins
  2 goblin zombies (D:9)
  A hobgoblin skeleton (D:9)
  4 hobgoblin zombies
  A kobold skeleton (D:5)
  A kobold zombie (D:5)
  2 orc skeletons (D:9)
  11 orc zombies (D:9)
  3 rats
267 creatures vanquished.

Vanquished Creatures (others)
  9 plants (D:1)
9 creatures vanquished.

Grand Total: 276 creatures vanquished

Notes
Turn   | Place    | Note
-------+----------+-------------------------------------------
     0 | D:1      | GigaChad the Formicid Fighter began the quest for the Orb.
     0 | D:1      | Reached XP level 1. HP: 18/18 MP: 1/1
    98 | D:1      | Found a faded altar of an unknown god.
   133 | D:1      | Reached XP level 2. HP: 24/24 MP: 2/2
   278 | D:1      | Found Huege's Antique Armour Shoppe.
   310 | D:1      | Reached XP level 3. HP: 30/30 MP: 3/3
   768 | D:2      | Reached XP level 4. HP: 27/37 MP: 4/4
   895 | D:2      | Reached skill level 3 in Axes
  1152 | D:2      | Found a runed translucent door.
  1152 | D:2      | Noticed Jessica
  1153 | D:2      | Noticed Crazy Yiuf
  1560 | D:2      | Reached XP level 5. HP: 42/42 MP: 5/5
  1674 | D:2      | Killed Crazy Yiuf
  1675 | D:2      | Killed Jessica
  1723 | D:3      | Reached skill level 4 in Axes
  1723 | D:3      | Reached skill level 5 in Shields
  1807 | D:3      | Reached XP level 6. HP: 29/48 MP: 6/6
  2199 | D:3      | Noticed an ogre
  2206 | D:3      | Killed an ogre
  2535 | D:3      | Identified a scroll of acquirement
  2535 | D:3      | Acquired a +2 battleaxe of draining
  2589 | D:3      | Reached skill level 5 in Axes
  2589 | D:3      | Reached XP level 7. HP: 54/55 MP: 7/7
  2847 | D:3      | Upgraded the game from 0.30-a0-1016-gfb0d676c02 to
                  | 0.30-a0-1043-g60ff8d5f49
  3075 | D:4      | Noticed Blork the orc
  3080 | D:4      | Killed Blork the orc
  3257 | D:4      | Reached skill level 5 in Armour
  3786 | D:5      | Entered Level 5 of the Dungeon
  3798 | D:5      | Reached skill level 6 in Axes
  3888 | D:5      | Reached XP level 8. HP: 50/61 MP: 8/8
  3936 | D:5      | Reached skill level 5 in Fighting
  4224 | D:5      | Found a glowing golden altar of the Shining One.
  4635 | D:5      | Found a staircase to the Ecumenical Temple.
  4641 | Temple   | Entered the Ecumenical Temple
  4735 | Temple   | Became a worshipper of Warmaster Okawaru
  5085 | D:6      | Reached skill level 7 in Axes
  5119 | D:6      | Found an ancient bone altar of Kikubaaqudgha.
  5421 | D:6      | Found a shadowy altar of Dithmenos.
  5479 | D:6      | Reached * piety under Okawaru
  5484 | D:6      | Reached XP level 9. HP: 45/67 MP: 9/9
  5710 | D:6      | Acquired the ring "Kaeggote" {EV+5 Dex+4}
  5714 | D:6      | Acquired the +1 pair of gloves of Zealous Curiosity {-Cast
                  | Rampage rCorr Slay+6}
  5901 | D:6      | Reached skill level 8 in Axes
  6103 | D:6      | Found a runed translucent door.
  6109 | D:6      | Noticed DeathPants's ghost (novice NaVM)
  6130 | D:6      | Killed DeathPants's ghost
  6138 | D:6      | Found a runed translucent door.
  6328 | D:6      | Found an opulent altar of Gozag.
  6331 | D:6      | Found a sacrificial altar of Ru.
  6331 | D:6      | Found a basalt altar of Yredelemnul.
  6354 | D:6      | Found a stormy altar of Qazlal.
  6357 | D:6      | Found a sparkling altar of Nemelex Xobeh.
  6580 | D:7      | Reached ** piety under Okawaru
  6607 | D:7      | Reached skill level 9 in Axes
  6935 | D:7      | Found Syagg's Antique Armour Shop.
  7045 | D:7      | Reached XP level 10. HP: 69/77 MP: 10/10
  7185 | D:7      | Reached *** piety under Okawaru
  7708 | D:8      | Found a staircase to the Lair.
  7801 | D:8      | Found a snail-covered altar of Cheibriados.
  7820 | D:8      | Reached skill level 10 in Axes
  7830 | D:8      | Identified the +5 long sword of the Enchanted Forest
                  | {freeze, rPois rF- Dex+7}
  7967 | D:8      | Found a flagged portal.
  8070 | Bailey   | Entered a bailey
  8128 | Bailey   | Reached **** piety under Okawaru
  8705 | D:8      | Found a transporter.
  9084 | D:9      | Reached skill level 11 in Axes
  9354 | D:9      | Reached XP level 11. HP: 65/84 MP: 11/11
  9355 | D:9      | Found a staircase to the Orcish Mines.
  9367 | D:9      | Reached ***** piety under Okawaru
  9828 | D:10     | Entered Level 10 of the Dungeon
  9828 | D:10     | Noticed a two-headed ogre
  9829 | D:10     | Noticed Snorg
  9832 | D:10     | Reached skill level 12 in Axes
  9840 | D:9      | HP: 1/86 [two-headed ogre/+0 giant club (13)]
  9840 | D:9      | Mangled by Snorg

Illustrated notes

Levels and vault maps discovered:
D:1:      roderic_crop_circles_arrival_large, layout_basic,
          dreamdust_ecumenical_altar_grove, serial_shops, shop, st_stairs_6
D:2:      layout_loops_ring, uniq_crazy_yiuf_cottage, uniq_jessica
D:3:      layout_loops_corners
D:4:      layout_basic, kennysheep_minor_cross, chequers_serial_rivers_large_b,
          uniq_blork_the_orc
D:5:      layout_gridville, nicolae_tso_besieged_by_evil, temple_green,
          serial_park_tiny_1, chequers_serial_rivers_marsh
D:6:      layout_basic, mainiacjoe_overflow_24_doors,
          minmay_overflow_temple_star_hex, mainiacjoe_overflow_boulevard,
          ebering_ghost_sewer_f, dreamdust_princess_bridge
D:7:      layout_basic, serial_shops, shop
D:8:      layout_loops_cross, lemuel_crystal_altar, dpeg_oklobed_lair,
          enter_bailey_8, nicolae_diode_basic
D:9:      layout_small_grid, zombieorc1_lemuel
D:10:     layout_rooms, ploomutoo_gammafunk_ghost_potion_laboratory,
          minivault_26, minmay_misc_feat_tower, uniq_josephine, uniq_snorg,
          uniq_amaemon
Temple:   dshaligram_water_room_temple

Skill      XL: |  1  2  3  4  5  6  7  8  9 10 11 |
---------------+----------------------------------+-----
Axes           | 3 4 5 6 7 9 11 12 | 12.2
Fighting       | 4 5 6 7 8 |  8.2
Armour         | 4 5 7 8 |  8.3
Shields        | 5 6 7 8 9 |  9.2

Action                     |  1- 3 |  4- 6 |  7- 9 | 10-12 || total
---------------------------+-------+-------+-------+-------++-------
  Melee: War axe           |    53 |   121 |       |       ||   174
         Battleaxe         |       |     3 |   200 |   195 ||   398
Ability: Dig               |     1 |       |       |     1 ||     2
    Use: Scroll            |       |     5 |     5 |       ||    10
 Armour: Scale mail        |    21 |    63 |     2 |       ||    86
         Chain mail        |       |       |   133 |    30 ||   163
         Plate armour      |       |       |       |    42 ||    42
  Dodge: Dodged            |    24 |    44 |   100 |   115 ||   283
  Block: Buckler           |     9 |       |       |       ||     9
         Kite shield       |    17 |    69 |   135 |   135 ||   356

Table legend: (Time is in decaauts)
 A = Elapsed time spent in this place.
 B = Non-inter-level travel time spent in this place.
 C = Inter-level travel time spent in this place.
 D = Time resting spent in this place.
 E = Time spent auto-exploring this place.
 F = Levels seen in this place.
 G = Mean time per level.
                   A        B        C        D        E       F      G
               +--------+--------+--------+--------+--------+-----+--------+
         Total |  10089 |   9732 |    357 |   1013 |   6556 |  12 |  840.8 |
       Dungeon |   9460 |   9103 |    357 |    767 |   6448 |  10 |  946.0 |
        Temple |    114 |    114 |      0 |      0 |      0 |   1 |  114.0 |
        Bailey |    514 |    514 |      0 |    246 |    108 |   1 |  514.0 |
               +--------+--------+--------+--------+--------+-----+--------+

Top non-repeatable levels by time:
     D:6: 1406 daAuts
     D:3: 1385 daAuts
     D:7: 1250 daAuts
     D:5: 1212 daAuts
     D:2: 994 daAuts
     D:8: 892 daAuts
     D:9: 779 daAuts
     D:1: 777 daAuts
     D:4: 752 daAuts
  Bailey: 514 daAuts
  Temple: 114 daAuts
    D:10: 10 daAuts
